 Dungeon Sprint DCSS version 0.21-a0-272-g984ae92 (webtiles) character file.

26873 potatolord6000 the Executioner (level 13, -2/138 HPs)
             Began as a Hill Orc Monk on Sept 15, 2017.
             Was the Champion of Beogh.
             Succumbed to a swamp dragon's poison gas
             ... in the Dungeon (Sprint VII: "The Pits").
             The game lasted 00:18:47 (2526 turns).

potatolord6000 the Executioner (Hill Orc Monk)      Turns: 2526, Time: 00:18:48

Health: -2/138     AC: 20    Str: 19    XL:     13   Next: 28%
Magic:  1/27       EV: 15    Int: 15    God:    Beogh [******]
Gold:   36         SH:  0    Dex: 26    Spells: 12/12 levels left

rFire    . . .     SeeInvis .   g - +0 battleaxe (freeze)
rCold    . . .     Gourm    .   (shield currently unavailable)
rNeg     . . .     Faith    .   w - +6 chain mail
rPois    .         Spirit   .   (no helmet)
rElec    .         Reflect  .   (no cloak)
rCorr    .         Harm     .   (no gloves)
MR       .....     NoTele   +   (no boots)
Stlth    +.........             q - amulet of regeneration
HPRegen  0.73/turn              e - +3 ring of dexterity
MPRegen  0.20/turn              y - +5 ring of dexterity

@: brilliant, agile, lethally poisoned (-2 -> -61), berserk cooldown, very
slightly contaminated, slowed, very slow
A: walk on water
a: Smiting, Recall Orcish Followers, Give Item to Named Follower, Resurrection,
Renounce Religion


You were in the Dungeon.
You worshipped Beogh.
Beogh was exalted by your worship.
You were very full.

You visited 1 branch You collected 36 gold pieces.

Inventory:

Hand Weapons
 g - a +0 battleaxe of freezing (weapon)
 t - a +2 halberd of protection
 u - a +2 scimitar of holy wrath
 v - a +2 morningstar of protection
 x - the +0 sword of Power
   (You found it in the Dungeon)
 z - a +4 quarterstaff of protection
Armour
 d - a +5 ring mail
 w - a +6 chain mail (worn)
Jewellery
 e - a +3 ring of dexterity (left hand)
 q - an amulet of regeneration (around neck)
 y - a +5 ring of dexterity (right hand)
Scrolls
 b - 2 scrolls of fog
 i - a scroll of blinking
 j - 3 scrolls of recharging
 k - 3 scrolls of remove curse
 l - 5 scrolls of amnesia
 m - a scroll of summoning
Potions
 a - a potion of invisibility
 h - 4 potions of berserk rage
Comestibles
 c - 8 bread rations
 n - 40 fruits
 o - 5 meat rations


   Skills:
 + Level 19.6 Fighting
 + Level 21.1 Axes
 + Level 17.9 Armour
 - Level 2.4 Dodging
 - Level 1.5 Stealth
 + Level 20.6 Invocations


You had 12 spell levels left.
You didn't know any spells.

Dungeon Overview and Level Annotations

Branches:
Dungeon (1/1)

Altars:
Ashenzari
Cheibriados
Dithmenos
Elyvilon
Fedhas
Gozag
Hepliaklqana
Kikubaaqudgha
Makhleb
Nemelex Xobeh
Okawaru
Qazlal
Ru
Sif Muna
Trog
Uskayaw
Vehumet
Wu Jian
Xom
Yredelemnul
Zin
The Shining One
Beogh
Jiyva
Lugonu


Message History

Unknown command.
You slash the swamp dragon! You freeze the swamp dragon.
The swamp dragon is almost dead.
You are engulfed in poison gas.
You are more poisoned.
* * * LOW HITPOINT WARNING * * *
x2 You feel extremely sick.
The swamp dragon misses you. The swamp dragon closely misses you.
The swamp dragon misses you.
Unknown command.
Unknown command.
Unknown command.
Unknown command.
Unknown command.
Unknown command.
Blink to where?
Press: ? - help, Dir - move target cursor, p - swamp dragon You are very lightly contaminated with residual magic.
As you read the scroll of blinking, it crumbles to dust.
You die...

#..........#
+..#....#..#
+..........#
#..........#
###########..#....#..#
.o..o....++..........#
.........++..........#
#########..##..#)...#..#
#(#.#.#.#@.##..........+
#t#.#)#§..##..........+
#E#(#)#..####''####''#
#D#§##..####''####''###
#§#.#..##(.()..##.....
#####..##.#(##.##.....
...##.#)}'.##..###
...##.†).#.##..#
#####.#[.'.##..#


There were no monsters in sight!

Vanquished Creatures
  A deep elf master archer (D)
  A nagaraja (D)
  A storm dragon (D)
  A frost giant (D)
  A balrug (D)
  An emperor scorpion (D)
  A minotaur (D)
  A merfolk impaler (D)
  A deep elf high priest (D)
  A catoblepas (D)
  A death yak (D)
  2 vampire magi (D)
  A sun demon (D)
  A sixfirhy (D)
  A lindwurm (D)
  A wizard (D)
  A phantasmal warrior (D)
  3 deep elf magi (D)
  A large abomination (D)
  A manticore (D)
  A cyclops (D)
  A black mamba (D)
  A smoke demon (D)
  2 ice devils (D)
  A yaktaur (D)
  A hellwing (D)
  A demonic crawler (D)
  2 guardian mummies (D)
  2 merfolk (D)
  A jumping spider (D)
  A polar bear (D)
  A red devil (D)
  A wind drake (D)
  A hornet (D)
  4 dream sheep (D)
  2 redbacks (D)
  2 spriggans (D)
  A ynoxinul (D)
  A wyvern (D)
  A basilisk (D)
  A chaos spawn (D)
  Grum (D)
  A steam dragon (D)
  A phantom (D)
  A black bear (D)
  An eye of draining (D)
  An ice beast (D)
  A sky beast (D)
  A necrophage (D)
  3 centaurs (D)
  A big kobold (D)
  A bullfrog (D)
  5 wights (D)
  An orc priest (D)
  2 iguanas (D)
  A worker ant (D)
  3 river rats (D)
  An ufetubus (D)
  2 oozes (D)
  An adder zombie (D)
  A worm (D)
  A ball python (D)
  A giant cockroach (D)
  A kobold (D)
  2 quokkas (D)
  A frilled lizard (D)
88 creatures vanquished.

Vanquished Creatures (collateral kills)
  A hydra (D)
  2 two-headed ogres (D)
  A rime drake (D)
  A jumping spider (D)
  A hornet (D)
  2 polar bears (D)
  2 dream sheep (D)
  A blink frog (D)
  A spriggan (D)
  A wolf (D)
  A small abomination (D)
  A hound (D)
  Terence (D)
  A river rat (D)
  A quokka (D)
18 creatures vanquished.

Vanquished Creatures (others)
  An orc knight (D)
  An orc priest (D)
  An orc wizard (D)
  An orc (D)
4 creatures vanquished.

Grand Total: 110 creatures vanquished

Notes
Turn   | Place    | Note
-------+----------+-------------------------------------------
     0 | D        | potatolord6000 the Hill Orc Monk began the quest for the Orb.
     0 | D        | Reached XP level 1. HP: 19/19 MP: 1/1
    48 | D        | Found a bloodstained altar of Trog.
    48 | D        | Found a deep blue altar of Sif Muna.
    48 | D        | Found a viscous altar of Jiyva.
    48 | D        | Found a hazy altar of Hepliaklqana.
    48 | D        | Found an opulent altar of Gozag.
    49 | D        | Found a glowing golden altar of the Shining One.
    49 | D        | Found a glowing silver altar of Zin.
    49 | D        | Found a basalt altar of Yredelemnul.
    49 | D        | Found a shimmering altar of Xom.
    49 | D        | Found an ornate altar of the Wu Jian Council.
    49 | D        | Found a sacrificial altar of Ru.
    49 | D        | Found a stormy altar of Qazlal.
    49 | D        | Found an iron altar of Okawaru.
    49 | D        | Found a sparkling altar of Nemelex Xobeh.
    49 | D        | Found a burning altar of Makhleb.
    49 | D        | Found a blossoming altar of Fedhas.
    49 | D        | Found a white marble altar of Elyvilon.
    49 | D        | Found a shadowy altar of Dithmenos.
    49 | D        | Found a snail-covered altar of Cheibriados.
    51 | D        | Found a radiant altar of Vehumet.
    51 | D        | Found a corrupted altar of Lugonu.
    51 | D        | Found a roughly hewn altar of Beogh.
    53 | D        | Found an ancient bone altar of Kikubaaqudgha.
    53 | D        | Found a hide-covered altar of Uskayaw.
    53 | D        | Found a shattered altar of Ashenzari.
    61 | D        | Became a worshipper of Beogh the Brigand
    61 | D        | Reached * piety under Beogh
    61 | D        | Reached ** piety under Beogh
    87 | D        | Reached skill level 1 in Armour
    87 | D        | Reached skill level 1 in Invocations
    93 | D        | Reached XP level 2. HP: 24/28 MP: 1/3
    97 | D        | Reached *** piety under Beogh
    97 | D        | Reached skill level 5 in Axes
    97 | D        | HP: 1/28 [ufetubus (1)]
   116 | D        | Reached skill level 5 in Fighting
   123 | D        | Reached **** piety under Beogh
   125 | D        | Reached XP level 3. HP: 16/36 MP: 3/5
   315 | D        | Noticed a phantom
   326 | D        | Reached skill level 6 in Axes
   332 | D        | Reached skill level 7 in Axes
   332 | D        | Reached skill level 5 in Invocations
   332 | D        | Reached XP level 4. HP: 44/45 MP: 5/8
   335 | D        | Reached XP level 5. HP: 46/51 MP: 5/9
   344 | D        | Reached ***** piety under Beogh
   344 | D        | Reached skill level 8 in Axes
   344 | D        | Reached skill level 5 in Armour
   359 | D        | Reached XP level 6. HP: 17/61 MP: 8/11
   365 | D        | Killed a phantom
   365 | D        | Reached skill level 9 in Axes
   379 | D        | Noticed a black bear
   382 | D        | Reached skill level 10 in Axes
   385 | D        | Killed a black bear
   385 | D        | Gained Wulfoc as an ally
   385 | D        | Reached XP level 7. HP: 54/70 MP: 13/13
   469 | D        | Noticed Terence
   470 | D        | Killed Terence
   475 | D        | Noticed a blink frog
   480 | D        | Killed a blink frog
   480 | D        | Reached skill level 10 in Fighting
   480 | D        | Reached skill level 11 in Axes
   480 | D        | Reached skill level 10 in Invocations
   515 | D        | Reached ****** piety under Beogh
   525 | D        | Noticed a death yak
   534 | D        | Killed a death yak
   534 | D        | Reached skill level 12 in Axes
   534 | D        | Reached skill level 10 in Armour
   534 | D        | Reached XP level 8. HP: 24/83 MP: 8/16
   849 | D        | Noticed an ice devil
   850 | D        | Noticed a dream sheep
   850 | D        | Noticed a rime drake
   852 | D        | Killed an ice devil
   852 | D        | Reached skill level 13 in Axes
   852 | D        | Reached XP level 9. HP: 90/90 MP: 13/18
   853 | D        | Killed a rime drake
   871 | D        | Reached skill level 14 in Axes
  1034 | D        | Noticed a phantasmal warrior
  1039 | D        | Killed a phantasmal warrior
  1275 | D        | Noticed a lindwurm
  1276 | D        | Noticed a guardian mummy
  1277 | D        | Noticed a wizard
  1277 | D        | Killed a lindwurm
  1277 | D        | Reached skill level 15 in Axes
  1277 | D        | Reached XP level 10. HP: 102/102 MP: 16/20
  1283 | D        | Noticed a manticore
  1293 | D        | Killed a wizard
  1301 | D        | Killed a manticore
  1302 | D        | Reached skill level 15 in Invocations
  1314 | D        | Noticed a cyclops
  1322 | D        | Killed a cyclops
  1326 | D        | Reached skill level 16 in Axes
  1335 | D        | Noticed a two-headed ogre
  1335 | D        | Noticed a two-headed ogre
  1338 | D        | Killed a two-headed ogre
  1338 | D        | HP: 3/104 [two-headed ogre/giant club (12)]
  1339 | D        | Killed a two-headed ogre
  1339 | D        | Reached skill level 15 in Fighting
  1426 | D        | Noticed a deep elf mage
  1427 | D        | Reached XP level 11. HP: 27/112 MP: 22/22
  1429 | D        | Killed a deep elf mage
  1432 | D        | Noticed a spriggan rider
  1446 | D        | Noticed a vampire mage
  1451 | D        | Killed a vampire mage
  1451 | D        | Reached skill level 17 in Axes
  1455 | D        | Noticed a sun demon
  1460 | D        | Killed a sun demon
  1832 | D        | Noticed a vampire mage
  1833 | D        | Killed a vampire mage
  1833 | D        | Reached skill level 18 in Axes
  1833 | D        | Reached skill level 15 in Armour
  2048 | D        | Noticed a deep elf high priest
  2050 | D        | Killed a deep elf high priest
  2087 | D        | Noticed a deep elf mage
  2090 | D        | Killed a deep elf mage
  2090 | D        | Reached XP level 12. HP: 125/125 MP: 23/25
  2160 | D        | Noticed an emperor scorpion
  2160 | D        | Noticed a minotaur
  2160 | D        | Noticed a frost giant
  2160 | D        | Noticed a deep elf master archer
  2160 | D        | Noticed a balrug
  2160 | D        | Noticed a catoblepas
  2161 | D        | Found the +0 sword of Power
  2164 | D        | Killed a catoblepas
  2168 | D        | Killed a balrug
  2168 | D        | Reached skill level 19 in Axes
  2176 | D        | Killed a minotaur
  2179 | D        | Killed a deep elf master archer
  2193 | D        | Killed an emperor scorpion
  2198 | D        | Killed a frost giant
  2204 | D        | Reached skill level 20 in Axes
  2470 | D        | Noticed a merfolk impaler
  2470 | D        | Noticed Grum
  2475 | D        | Killed a merfolk impaler
  2487 | D        | Noticed a seven-headed hydra
  2488 | D        | Killed a seven-headed hydra
  2489 | D        | Killed Grum
  2497 | D        | Reached XP level 13. HP: 58/137 MP: 6/26
  2499 | D        | Noticed a storm dragon
  2499 | D        | Noticed a nagaraja
  2501 | D        | Killed a nagaraja
  2509 | D        | Killed a storm dragon
  2509 | D        | Gained Norbak as an ally
  2519 | D        | Reached skill level 21 in Axes
  2525 | D        | HP: 6/138 [poisoned by a swamp dragon (poison gas)]
  2526 | D        | Succumbed to a swamp dragon's poison gas

Vault maps used:
D:        pitsprint

Skill      XL: |  1  2  3  4  5  6  7  8  9 10 11 12 13 |
---------------+----------------------------------------+-----
Fighting       | 4 5 6 8 9 11 12 13 15 17 19 | 19.6
Armour         | 1 2 4 6 7 10 12 13 15 17 | 17.9
Invocations    | 1 3 5 7 9 11 12 14 15 18 19 20 | 20.6
Axes           | 5 7 8 10 12 13 15 16 18 20 21 | 21.1
Dodging        | |  2.4
Stealth        | |  1.5

Action                   |  1- 3 |  4- 6 |  7- 9 | 10-12 | 13-15 || total
-------------------------+-------+-------+-------+-------+-------++-------
Melee: Hand axe          |    45 |    28 |       |       |       ||    73
       Battleaxe         |       |       |    35 |    97 |    22 ||   154
Invok: Smiting           |       |     3 |    15 |    55 |     3 ||    76
       Resurrection      |       |       |     1 |       |       ||     1
       Give Item to Name |       |       |     1 |       |       ||     1
       Recall Orcish Fol |       |       |       |     1 |       ||     1
  Use: Potion            |     4 |     2 |       |    30 |     2 ||    38
       Scroll            |       |       |       |     4 |     1 ||     5
 Stab: Distracted        |       |       |     1 |     2 |       ||     3
       Petrifying        |       |       |       |     1 |       ||     1
       Invisible         |       |       |       |    11 |       ||    11
  Eat: Meat ration       |       |       |     1 |     2 |       ||     3
Armor: Robe              |     7 |       |       |       |       ||     7
       Chain mail        |     2 |    10 |    19 |    81 |    12 ||   124
Dodge: Dodged            |    37 |     9 |    14 |    65 |    21 ||   146

Table legend:
 A = Spawn XP
 B = Non-spawn XP
 C = Spawn XP percentage of total XP
 D = Spawn monster count
 E = Non-spawn monster count
 F = Spawn count percentage of total count
 G = Total turns spent on level
                    A         B        C        D         E        F      G
               +---------+---------+-------+---------+---------+-------+---------
         Total |       0 |   38390 |   0.0 |       0 |     106 |   0.0 |  2526
               +---------+---------+-------+---------+---------+-------+---------
             D |       0 |   38390 |   0.0 |       0 |     106 |   0.0 |  2526
               +---------+---------+-------+---------+---------+-------+---------
